 Dungeon Crawl Stone Soup version 0.22.0-25-g7663229 (webtiles) character file.

72 Mgcat the Ducker (level 4, 0/24 HPs)
             Began as a Spriggan Berserker on Aug 20, 2018.
             Was a Believer of Trog.
             Succumbed to an adder's poison
             ... on level 2 of the Dungeon.
             The game lasted 00:03:27 (1340 turns).

Mgcat the Ducker (Spriggan Berserker)               Turns: 1340, Time: 00:03:28

Health: 0/24       AC:  2    Str: 11 (14) XL:     4   Next: 6%
Magic:  5/5        EV: 19    Int:  7 (8)  God:    Trog [**....]
Gold:   121        SH:  0    Dex: 13 (15) Spells: 3/3 levels left

rFire    . . .     SeeInvis +   d - +0 hand axe (drain)
rCold    . . .     Gourm    .   (shield restricted)
rNeg     . . .     Faith    .   b - +0 animal skin
rPois    .         Spirit   .   (helmet restricted)
rElec    .         Reflect  .   (no cloak)
rCorr    .         Harm     .   (gloves unavailable)
MR       .....     Rnd*Tele +   (boots unavailable)
Stlth    +.........             (no amulet)
HPRegen  0.08/turn              e - ring of teleportation (curse) {+/*tele, !d}
MPRegen  0.09/turn              (no ring)

@: lethally poisoned (0 -> -9), berserk cooldown, very quick
A: very small, unfitting armour, see invisible, herbivore, speed 3, slow
metabolism 2
a: Berserk, Trog's Hand, Renounce Religion


You were on level 2 of the Dungeon.
You worshipped Trog.
Trog was pleased with you.
You were very hungry.

You visited 1 branch of the dungeon, and saw 2 of its levels.

You collected 121 gold pieces.

Inventory:

Hand Weapons
 d - a +0 hand axe of draining (weapon)
   (You found it on level 1 of the Dungeon)
Armour
 b - a +0 animal skin (worn)
Jewellery
 e - a cursed ring of teleportation (left hand) {+/*tele, !d}
   (You found it on level 1 of the Dungeon)
Wands
 m - a wand of disintegration (8)
   (You found it on level 2 of the Dungeon)
Potions
 h - a potion of might {unknown}
 l - a potion of brilliance {unknown}
Comestibles
 c - 3 rations


   Skills:
 + Level 3.3 Fighting
 + Level 3.3 Axes
 - Level 4.4 Dodging


You had 3 spell levels left.
You didn't know any spells.
Your spell library was empty.

Dungeon Overview and Level Annotations

Branches:
Dungeon (2/15)

Altars:


Innate Abilities, Weirdness & Mutations

You are very small and have problems with some larger weapons.
You are too small for most types of armour.
You have supernaturally acute eyesight. (SInv)
You are a herbivore.
You cover ground extremely quickly.
You need to consume almost no food.


Message History

Calm down first, please.
Calm down first, please.
You feel a strong urge to attack something.
You feel your anger nearly subside.
You are no longer berserk.
You are exhausted.
You feel yourself slow down.
Unknown command.
Unknown command.
You start resting.
HP restored.
You start waiting.
You feel yourself speed up.
You start waiting.
You recover from your berserk rage.
m - a wand of disintegration (8)
An adder comes into view.
An adder is nearby!
An adder is nearby!
The adder hisses angrily.
You hit the adder.
The adder is lightly wounded.
The adder barely misses you.
You miss the adder.
The adder is lightly wounded.
The adder bites you. The adder misses you.
You completely miss the adder.
The adder is lightly wounded.
The adder misses you.
You miss the adder.
The adder is lightly wounded.
The adder completely misses you. The adder misses you.
A red film seems to cover your vision as you go berserk!
You feel yourself moving faster!
You feel mighty!
You are feeling very hungry.
The adder closely misses you.
You miss the adder.
The adder is lightly wounded.
The adder barely misses you.
You slash the adder!
You kill the adder!
Trog accepts your kill.
You have reached level 4!
You feel a strong urge to attack something.
You are suddenly yanked towards some nearby monsters!
Your surroundings suddenly seem different.
An adder comes into view.
The adder hisses angrily.
A kobold comes into view. It is wielding a club.
The kobold shouts!
An adder comes into view.
Found a ration and a club.
Found an escape hatch in the floor.
You feel your anger nearly subside.
You are no longer berserk.
You pass out from exhaustion.
You feel yourself slow down. The adder bites you.
The kobold zaps a wand.
The puff of flame hits you!
It is a wand of flame (28).
The adder bites you.
You are poisoned.
The adder poisons you!
You can move again.
Unknown command.
Unknown command.
Unknown command.
Okay, then.
It was a potion of heal wounds.
You feel much better.
You feel sick. The adder bites you.
You are more poisoned.
The adder poisons you!
The kobold zaps a wand.
The puff of flame hits you! The adder completely misses you.
The kobold misses you. The adder closely misses you.
It was a potion of degeneration.
There was something very wrong with that liquid.
You feel weakened.
You feel dopey.
You feel clumsy.
You feel sick. The adder closely misses you. The adder completely misses you.
The kobold misses you. The adder misses you. x2
As you read the scroll labeled WIZIFU NOEJ, it crumbles to dust.
The scroll dissolves into smoke.
It was a scroll of fog.
You feel sick. The adder barely misses you. The adder completely misses you.
The kobold zaps a wand.
The puff of flame misses you. The adder closely misses you.
The adder bites you.
As you read the scroll labeled GUMUF GIGROATH, it crumbles to dust.
You hear a loud clanging noise!
It was a scroll of noise.
You feel sick. The kobold barely misses you. The adder closely misses you.
The adder misses you. The kobold misses you. The adder bites you.
* * * LOW HITPOINT WARNING * * *
The adder closely misses you.
As you read the scroll labeled FOMISOE NOIBOA, it crumbles to dust.
You feel strangely unstable.
It was a scroll of teleportation.
* * * LOW HITPOINT WARNING * * *
You feel sick. The adder completely misses you. The adder bites you.
* * * LOW HITPOINT WARNING * * *
The kobold completely misses you. The adder completely misses you.
The adder closely misses you.
It was a potion of cancellation.
You feel strangely stable.
Your magical effects are unravelling.
You feel magically purged.
You feel yourself speed up.
You die...

#. #. ####'#####
#........# #....>...#
#.........#
#...§§§§§#
#.........+
#...§S§§§#
#.........#
#...§S@§§#
#.........#
#...§K§§.#
#.........#
#....§§..#
#.........#
#........#
#.>.......+
#...)....#
#.........#
..........#
##'##'#####
...........# #.##.#
....########
#.##.######
###########.#.......#


You could see 2 adders and a kobold.

Vanquished Creatures
  3 adders (D:2)
  3 worms (D:2)
  7 bats
  5 goblins
  5 hobgoblins
  5 kobolds (D:1)
  2 ball pythons
  3 frilled lizards (D:1)
  4 rats (D:1)
37 creatures vanquished.

Notes
Turn   | Place    | Note
-------+----------+-------------------------------------------
     0 | D:1      | Mgcat the Spriggan Berserker began the quest for the Orb.
     0 | D:1      | Reached XP level 1. HP: 11/11 MP: 2/2
    88 | D:1      | Reached XP level 2. HP: 10/16 MP: 3/3
   612 | D:1      | Reached ** piety under Trog
   861 | D:1      | Reached skill level 3 in Fighting
   861 | D:1      | Reached skill level 3 in Axes
   986 | D:2      | Reached XP level 3. HP: 20/20 MP: 4/4
  1327 | D:2      | Reached XP level 4. HP: 24/24 MP: 5/5
  1338 | D:2      | HP: 5/24 [adder (4)]
  1339 | D:2      | HP: 1/24 [adder (4)]
  1340 | D:2      | Succumbed to an adder's poison

Skill      XL: |  1  2 |
---------------+-------+-----
Fighting       | 3 |  3.3
Axes           | 3 |  3.3
Dodging        | |  4.4

Action                   |  1- 3 |  4- 6 || total
-------------------------+-------+-------++-------
Melee: Hand axe          |    89 |       ||    89
Invok: Berserk           |     5 |       ||     5
  Use: Scroll            |       |     3 ||     3
       Potion            |       |     3 ||     3
  Eat: Ration            |     1 |       ||     1
Armor: Animal skin       |     9 |       ||     9
Dodge: Dodged            |    84 |    21 ||   105

Vault maps used:
D:1:      dpeg_arrival_refuge

Table legend:
 A = Turns spent in this place as a percentage of turns spent in the entire game.
 B = Non-inter-level travel turns spent in this place as a percentage of non-inter-level travel turns spent in the entire game.
 C = Inter-level travel turns spent in this place as a percentage of turns spent in this place.
 D = Turns resting spent in this place as a percentage of non-inter-level travel turns spent in this place.
 E = Turns spent auto-exploring this place as a percentage of non-inter-level travel turns spent in this place.
 F = Non-inter-level travel turns spent in this place divided by the number of levels of this place that you've seen.
                   A       B       C       D       E      F
               +-------+-------+-------+-------+-------+----------------------
         Total | 100.0 | 100.0 |   1.4 |  22.9 |  57.1 | 660.5
       Dungeon | 100.0 | 100.0 |   1.4 |  22.9 |  57.1 | 660.5
               +-------+-------+-------+-------+-------+----------------------

Table legend:
 A = Kills in this place as a percentage of kills in entire the game.
 B = Kills by you in this place as a percentage of kills by you in the entire game.
 C = Kills by friends in this place as a percentage of kills by friends in the entire game.
 D = Other kills in this place as a percentage of other kills in the entire game.
 E = Experience gained in this place as a percentage of experience gained in the entire game.
 F = Experience gained in this place divided by the number of levels of this place that you have seen.
                   A       B       C       D       E      F
               +-------+-------+-------+-------+-------+----------------------
         Total | 100.0 | 100.0 |   N/A |   N/A | 100.0 |  51.5
       Dungeon | 100.0 | 100.0 |   N/A |   N/A | 100.0 |  51.5
               +-------+-------+-------+-------+-------+----------------------
